 Dungeon Crawl Stone Soup version 0.27.1-37-g7b29ead8ac (console) character file.

Game seed: 9148145769316355335

9457 grimtooth the Thaumaturge (level 11, -10/54 HPs)
             Began as a Deep Elf Hedge Wizard on July 24, 2023.
             Was a Believer of Sif Muna.
             Mangled by a komodo dragon (28 damage)
             ... on level 1 of the Lair of Beasts.
             The game lasted 01:40:09 (17105 turns).

grimtooth the Thaumaturge (Deep Elf Hedge Wizard)  Turns: 17105, Time: 01:40:09

Health: -10/54     AC:  7    Str:  7    XL:     11   Next: 23%
Magic:  12/26      EV: 12    Int: 26    God:    Sif Muna [**....]
Gold:   1278       SH:  0    Dex: 15    Spells: 17/28 levels left

rFire    + . .     SeeInvis +   a - +1 dagger (elec)
rCold    . . .     Faith    .   (no shield)
rNeg     . . .     Spirit   .   b - +0 robe
rPois    +         Reflect  .   H - +1 helmet {SInv}
rElec    .         Harm     .   (no cloak)
rCorr    .         Rampage  .   A - +2 pair of gloves of the Worm {Int+4}
Will     +....                  (no boots)
Stlth    +++++.....             x - amulet of Xom's Capriciousness {RegenMP Stlth+}
HPRegen  0.18/turn              E - ring of protection from fire
MPRegen  0.45/turn              L - ring of poison resistance

@: no status effects
A: no striking features
a: Renounce Religion, Channel Magic


You were on level 1 of the Lair of Beasts.
You worshipped Sif Muna.
Sif Muna was pleased with you.
You visited 3 branches of the dungeon, and saw 12 of its levels.

You collected 2034 gold pieces.
You spent 756 gold pieces at shops.

Inventory:

Hand Weapons
 a - a +1 dagger of electrocution (weapon)
Missiles
 d - 92 stones
 s - 14 poisoned darts (quivered)
Armour
 b - a +0 robe (worn)
 A - the +2 pair of gloves of the Worm (worn) {Int+4}
   (You bought it in a shop on level 4 of the Dungeon)

   Int:       It affects your intelligence (+4).
 H - a +1 helmet of see invisible (worn)
Jewellery
 x - the amulet of Xom's Capriciousness (around neck) {RegenMP Stlth+}
   (You found it on level 5 of the Dungeon)

   [amulet of magic regeneration]

   It increases your rate of magic regeneration.
   Stlth:     It makes you more stealthy.
 E - a ring of protection from fire (left hand)
 L - a ring of poison resistance (right hand)
Wands
 h - a wand of flame (2)
 y - a wand of charming (7)
 B - a wand of polymorph (20)
 F - a wand of iceblast (2)
 K - a wand of digging (4)
 N - a wand of paralysis (6)
 P - a wand of mindburst (10)
Scrolls
 c - 4 scrolls of noise {unknown}
 k - 3 scrolls of enchant weapon {unknown}
 m - 2 scrolls of acquirement
 o - a scroll of immolation
 q - 3 scrolls of teleportation
 w - a scroll of silence
 C - 3 scrolls of vulnerability {unknown}
 M - a scroll of magic mapping {unknown}
Potions
 i - 3 potions of curing
 j - 4 potions of might
 l - 2 potions of berserk rage
 n - a potion of lignification
 u - 4 potions of brilliance
 D - 2 potions of flight
 I - 2 potions of haste
 J - 2 potions of mutation {unknown}
 O - a potion of resistance {unknown}


   Skills:
 - Level 6.0 Short Blades
 - Level 2.4 Dodging
 - Level 9.0 Stealth
 + Level 9.3 Spellcasting
 - Level 6.0 Conjurations
 - Level 4.0 Summonings
 - Level 4.0 Translocations
 - Level 4.0 Air Magic
 * Level 6.5 Earth Magic
 - Level 4.0 Poison Magic
 - Level 9.0 Invocations


You had 17 spell levels left.
You knew the following spells:

 Your Spells              Type           Power      Damage    Failure   Level
a - Magic Dart            Conj           100%       1d8       1%          1
b - Stone Arrow           Conj/Erth      88%        3d12      1%          3
c - Mephitic Cloud        Conj/Pois/Air  36%        N/A       2%          3
k - Blink                 Tloc           N/A        N/A       1%          2
P - Call Imp              Summ           32%        N/A       1%          2

Your spell library contained the following spells:

 Spells                   Type           Power      Damage    Failure   Level
 Apportation              Tloc           64%        N/A       1%          1
 Summon Small Mammal      Summ           100%       N/A       1%          1
 Passwall                 Tmut/Erth      24%        N/A       1%          2
 Poisonous Vapours        Pois/Air       64%        N/A       1%          2
 Corpse Rot               Necr/Air       N/A        N/A       3%          2
 Swiftness                Air            32%        N/A       3%          3
 Animate Skeleton         Necr           24%        N/A       4%          1
 Corona                   Hex            13%        N/A       4%          1
 Conjure Flame            Conj/Fire      27%        6-21      4%          3
 Portal Projectile        Hex/Tloc       44%        N/A       7%          3
 Slow                     Hex            12%        N/A       8%          2
 Bolt of Magma            Conj/Fire/Erth 16%        4d9       24%         5
 Borgnjor's Vile Clutch   Necr/Erth      14%        N/A       34%         5
 Freezing Cloud           Conj/Ice/Air   14%        6-21      34%         5
 Alistair's Intoxication  Tmut/Pois      14%        N/A       52%         5
 Blade Hands              Tmut           6%         N/A       80%         5
 Excruciating Wounds      Necr           6%         N/A       80%         5
 Eringya's Noxious Bog    Tmut/Pois      11%        N/A       98%         6
 Invisibility             Hex            6%         N/A       100%        6
 Shatter                  Erth           23%        3d20*     100%        9


Dungeon Overview and Level Annotations

Branches:
Dungeon (10/15)            Temple (1/1) D:4            Lair (1/6) D:8
    Orc (0/2) D:10

Altars:
Ashenzari
Cheibriados
Dithmenos
Fedhas
Gozag
Hepliaklqana
Kikubaaqudgha
Makhleb
Nemelex Xobeh
Okawaru
Qazlal
Sif Muna
Trog
Uskayaw
Vehumet
Wu Jian
Xom
Yredelemnul
Zin
The Shining One
Beogh

Shops:
D:4 [   D:6 (   D:9 (

Annotations:
D:4 1 runed translucent door, sargonster's ghost, novice GrBe
D:6 3 runed translucent doors, exclusion: ugly thing, pkoi's ghost, novice DgCj
D:7 2 transporters, grimtooth's ghost, novice DsAK
D:9 2 transporters, exclusion: 2 gnolls, Erolcha


Message History

Confirm with . or Enter, or press ? or * to list all spells.
Aiming: Mephitic Cloud (dangerous; 2% risk of failure)
Press: ? - help, Shift-Dir - straight line, p - wolf The ball explodes into a vile cloud!
The stinking cloud engulfs the komodo dragon but does no damage.
The wolf is engulfed in noxious fumes.
The wolf appears confused.
The komodo dragon is engulfed in noxious fumes.
The komodo dragon appears confused.
You hit the wolf but do no damage.
The wolf is severely wounded.
The wolf closely misses you.
You barely miss the wolf.
The wolf is severely wounded.
You hit the wolf but do no damage.
The wolf is severely wounded.
The wolf is engulfed in noxious fumes.
Press: ? - help, v - describe, . - travel
Here: a wolf (noxious fumes, severely wounded, confused)
The floor.
Throw: 15 darts (poison)
Press: ? - help, Q - select action, (/) - cycle Shift-Dir - straight line, f - komodo dragon, p - wolf
Aim: a komodo dragon (confused, 81% to hit)
You throw a poisoned dart. The poisoned dart hits the wolf.
The wolf is poisoned.
The wolf is severely wounded.
The wolf is engulfed in noxious fumes.
The wolf bites you but does no damage.
The wolf is engulfed in noxious fumes.
The wolf appears confused.
You closely miss the wolf.
The wolf is severely wounded.
The wolf is engulfed in noxious fumes.
The wolf appears confused.
The wolf bites you.
* * * LOW HITPOINT WARNING * * *
Unknown command.
Casting: Mephitic Cloud (dangerous; 2% risk of failure)
Confirm with . or Enter, or press ? or * to list all spells.
You blink.
The wolf is engulfed in noxious fumes.
The wolf appears confused.
Found an escape hatch in the floor.
The komodo dragon seems less confused.
The komodo dragon bites you!!
Ouch! That really hurt!
You die...

#. #. #.## #..# #..## ##
P..#######.#### #
##.##.......... ..#
###.<##†.#.##.#l###..##.
.......)..§.(h°.@.......
####.##h.#########...###
#..##...# >.# ##.#. ..#
.# #.. .. # #.P # ###. #


You could see a komodo dragon and a wolf (confused, poisoned).

Vanquished Creatures
  2 two-headed ogres
  Urug (Lair:1)
  Pikel (D:5)
  An unseen horror (D:10)
  A troll (D:10)
  A hornet (D:10)
  Grinder (D:4)
  A shadow (D:10)
  A wyvern (D:8)
  14 yaks
  A basilisk (D:8)
  Menkaure (D:5)
  2 swamp worms (D:8)
  3 water moccasins
  Duvessa (D:4)
  3 orc warriors
  A sky beast (D:6)
  2 ice beasts (D:7)
  3 centaurs
  3 wolves (Lair:1)
  An ogre (D:4)
  2 bullfrogs
  2 wyvern zombies
  A scorpion (D:5)
  2 water moccasin skeletons
  Dowan (D:4)
  3 killer bees
  4 wights (D:10)
  A lava snake (D:7)
  3 centaur zombies
  A jelly (D:8)
  4 orc priests
  A gnoll shaman (D:4)
  3 bullfrog skeletons
  2 iguanas
  Ijyb (D:4)
  6 orc wizards
  A hound zombie (D:5)
  2 hound skeletons (D:4)
  A howler monkey zombie (D:7)
  8 gnolls
  9 adders
  A white imp (D:7)
  An ufetubus (D:7)
  An adder skeleton (D:4)
  A dart slug (D:5)
  30 orcs
  5 bats
  5 endoplasms
  2 giant cockroaches (D:1)
  9 goblins
  11 hobgoblins
  2 kobolds
  3 quokkas
  10 ball pythons
  A frilled lizard (D:1)
  4 rats
189 creatures vanquished.

Vanquished Creatures (collateral kills)
  2 wyverns (D:8)
  2 water moccasins
  2 sky beasts
  2 ogres
  Blork the orc (D:4)
  A wyvern zombie (D:7)
  3 orc priests (D:5)
  A hound (D:4)
  A bullfrog skeleton (D:6)
  2 iguanas
  An orc wizard (D:3)
  A gnoll (D:4)
  A white imp (D:7)
  An ufetubus (D:7)
  6 orcs
27 creatures vanquished.

Vanquished Creatures (others)
  A fungus (D:8)
  18 plants (D:8)
19 creatures vanquished.

Grand Total: 235 creatures vanquished

Notes
Turn   | Place    | Note
-------+----------+-------------------------------------------
     0 | D:1      | grimtooth the Deep Elf Hedge Wizard began the quest for the
                  | Orb.
     0 | D:1      | Reached XP level 1. HP: 10/10 MP: 7/7
   383 | D:1      | Reached XP level 2. HP: 15/15 MP: 6/9
  1220 | D:1      | - good old shatter
  1268 | D:1      | Reached XP level 3. HP: 19/19 MP: 8/10
  1486 | D:1      | Learned a level 2 spell: Blink
  1489 | D:1      | Learned a level 2 spell: Call Imp
  1835 | D:2      | Found a faded altar of an unknown god.
  2074 | D:2      | Reached XP level 4. HP: 24/24 MP: 6/12
  2882 | D:3      | Found a snail-covered altar of Cheibriados.
  2885 | D:3      | Found a hide-covered altar of Uskayaw.
  2928 | D:3      | Found a glowing golden altar of the Shining One.
  3204 | D:3      | Learned a level 3 spell: Mephitic Cloud
  3230 | D:4      | Found Deimn's Armour Shoppe.
  3252 | D:4      | Reached XP level 5. HP: 25/28 MP: 13/13
  3347 | D:4      | Noticed Ijyb
  3400 | D:4      | Noticed Dowan
  3431 | D:4      | - aaa you bonehead
  3620 | D:4      | Identified a scroll of acquirement
  3726 | D:4      | Found a runed translucent door.
  3729 | D:4      | Noticed sargonster's ghost (novice GrBe)
  3775 | D:3      | Found a stormy altar of Qazlal.
  3988 | D:4      | Noticed Blork the orc
  4001 | D:4      | Killed Blork the orc
  4002 | D:4      | Reached skill level 5 in Conjurations
  4080 | D:4      | Noticed an ogre
  4232 | D:4      | Noticed Duvessa
  4431 | D:2      | Reached skill level 5 in Stealth
  4439 | D:2      | Reached XP level 6. HP: 32/32 MP: 4/14
  4803 | D:4      | Noticed Grinder
  4856 | D:5      | Entered Level 5 of the Dungeon
  4961 | D:5      | Noticed Menkaure
  5507 | D:5      | Identified the amulet of Xom's Capriciousness {RegenMP
                  | Stlth+}
  5509 | D:5      | - not shabby
  5705 | D:5      | Reached skill level 1 in Poison Magic
  5705 | D:5      | - this is a lot of priests
  6062 | D:5      | Noticed Pikel
  6077 | D:5      | Killed Pikel
  6078 | D:5      | Reached skill level 1 in Air Magic
  6078 | D:5      | Reached XP level 7. HP: 36/36 MP: 7/16
  6745 | D:6      | Reached skill level 5 in Spellcasting
  6981 | D:6      | Reached XP level 8. HP: 16/41 MP: 17/17
  7004 | D:5      | Acquired 580 gold pieces
  7075 | D:4      | Bought the +2 pair of gloves of the Worm {Int+4} for 388
                  | gold pieces
  7365 | D:6      | Found Nouxumeg's Antique Weapon Emporium.
  7420 | D:6      | Noticed pkoi's ghost (novice DgCj)
  7429 | D:6      | Found a runed translucent gate.
  7429 | D:6      | Found a runed translucent gate.
  7429 | D:6      | Found a runed translucent gate.
  7821 | D:6      | Noticed a cyan ugly thing
  7823 | D:6      | - bit early for you aint it
  8449 | D:7      | Found a transporter.
  8453 | D:7      | Noticed grimtooth's ghost (novice DsAK)
  8461 | D:7      | Found a transporter.
  8462 | D:7      | - hey its me
  8466 | D:7      | Identified the +8 dire flail "Cyet" {protect, *Slow Dex+3}
  8466 | D:7      | Noticed a two-headed ogre
  9136 | D:7      | Found a shadowy altar of Dithmenos.
  9155 | D:7      | Noticed a two-headed ogre
  9225 | D:7      | - this looks like some kind of horrible vault
 10216 | D:4      | Found a staircase to the Ecumenical Temple.
 10235 | D:4      | Killed Duvessa
 10241 | D:4      | Killed Dowan
 10263 | D:4      | - so i must have got duvessa somehow but where is ijyb
 10310 | D:4      | - ah
 10318 | D:4      | Killed Ijyb
 10328 | Temple   | Entered the Ecumenical Temple
 10425 | Temple   | Became a worshipper of Sif Muna the Loreminder
 10783 | D:6      | Bought a jewelled dagger for 154 gold pieces
 10783 | D:6      | Identified the +0 dagger "Empua" {holy, Int+4} (You bought
                  | it in a shop on level 6 of the Dungeon)
 10864 | D:4      | Bought a +1 helmet of see invisible for 214 gold pieces
 11006 | D:5      | Learned a level 3 spell: Stone Arrow
 11022 | D:5      | Killed Menkaure
 11023 | D:5      | Reached skill level 1 in Short Blades
 11023 | D:5      | Reached XP level 9. HP: 45/45 MP: 22/22
 11637 | D:7      | - ok berserk is probably dumb... OR IS IT
 11653 | D:7      | - ok i will come down on the dumb side
 12142 | D:7      | Killed a two-headed ogre
 12143 | D:7      | Reached skill level 5 in Short Blades
 12553 | D:7      | - how do i not have sandblast... this is a tragesty
 12793 | D:8      | - this seems a bit unfair
 12793 | D:8      | - man this is a dicey one
 12794 | D:8      | - being invisible would be nice right noe
 12969 | D:8      | Acquired 1009 gold pieces
 12971 | D:8      | - lets not fail with acquirements in hand
 13007 | D:8      | Reached skill level 1 in Invocations
 13008 | D:8      | - i am having so much trouble with skybeasts
 13571 | D:8      | Reached * piety under Sif Muna
 13574 | D:8      | Reached XP level 10. HP: 35/50 MP: 16/25
 13696 | D:8      | Reached skill level 1 in Earth Magic
 14083 | D:8      | Found a staircase to the Lair.
 14357 | D:4      | Paralysed by Grinder for 6 turns
 14364 | D:4      | Killed Grinder
 14605 | D:9      | Found a transporter.
 14616 | D:9      | Found an ornate altar of the Wu Jian Council.
 14616 | D:9      | Noticed a flayed ghost
 14633 | D:9      | Noticed a centaur warrior
 14705 | D:9      | Noticed Erolcha
 14838 | D:8      | Reached skill level 5 in Invocations
 15028 | D:9      | Found a transporter.
 15135 | D:9      | Found Pyploa Sica's Weapon Shoppe.
 15507 | D:10     | Entered Level 10 of the Dungeon
 16282 | D:10     | Reached skill level 5 in Earth Magic
 16492 | D:10     | Reached XP level 11. HP: 54/54 MP: 5/26
 16700 | D:10     | Noticed a two-headed ogre
 16705 | D:10     | Found a staircase to the Orcish Mines.
 16710 | D:10     | Killed a two-headed ogre
 17086 | Lair:1   | Entered Level 1 of the Lair of Beasts
 17086 | Lair:1   | Noticed Urug
 17094 | Lair:1   | Killed Urug
 17095 | Lair:1   | Reached ** piety under Sif Muna
 17105 | Lair:1   | Mangled by a komodo dragon

Illustrated notes #).....# #########....###..# #......# #..........# ##.## #......# #.####.###.# #... #......# #.# #.###.####.## #......# #.# #........#..# #......# #.##############.# ####'########........# #.. ####>...#......#####.# ##. #..............'..##.# #. #..............##.##.# ## #............@.##.##.# ### #........####'###.##.# #.. #######+#####.....##.#######.# #......B######.......... #######.#........####### #'#.######'##### ... #........# ..... #........# ......# #........# S......# #........# ........# #........# Turn 1220 on D:1: - good old shatter ###....>...8..# #............## #..#.8...∩...8.## #..#............## #.#####8...<..#..## ## ###.....#...# ## ##.#8...8##..######... ##.##########.†#....... #####..# ##.......# #.....############...##### #.........@....e.........## ##################..)...... ##.####... #..# .. #..# . #.># #..# ##.# #.# #.## #..# Turn 3431 on D:4: - aaa you bonehead ###...## ##....... #.....# ##.....# #.##.########...## #.#........###+## #.#.######.# . #.#.# .o #.#.# .o #.#.# #. #.#.# # # #.#.#...# # #@....... # #####...# ## Turn 5509 on D:5: - not shabby #........#.......### #.#.#............# # #.#.########.....### #.###...# ##>..#... #.......# ##.##### #######.# #.# #.# #.# #.###### #'# #5.....# #... #..###.# #.>.. #@)###.##..... ##...##.#........o# #.....).'.........o ##....#.#......... ##.#.#)##....... #...).# #..... ###.### #... #.# #'# ##.## #.# ##...## #o# ##.....## ##.## Turn 5705 on D:5: - this is a lot of priests #.......# #.# #.5.###.# #.# #.#†## O# #.# #.#..# .# #.# #.##.##.# #.# ### #.##..#.# #.# ..###.###.#.# #.# #.#o...)....####.###### #.#...###..###......(.# #.########.###.#.###.#### ...5Y.......?#.#@........ ###########..# #.###.#### # ..# #...u.# # #.# #..#### # .# #... # .# ....) . .. #.###. # #.# .# #.# # Turn 7823 on D:6: - bit early for you aint it ##..# ##.#### #....# #.##.## ###.##..### #.........### .............## ...........#..## ......>....##..## .............##..## .........©.©...@.# .#..############## #..#.....!}.W..## ..#..##$..##..# ..#.# .#.# . #. ..#.# O ##..# .©# Turn 8462 on D:7: - hey its me ... #......# #....... ... #......# ####.#..)<. .#.##......# #....#..... ..........###.####..).. # #. #......#...# #..... #.#.##........### ##.... #.#............## #..... ........###.#### ###..... ###.#!...##.# #...#### #....#..#.# ##..## ##......@.# ##..## .....##.#..# #....# #...... #..### ##...##### #...... .### #...<.... #.....Y## ##..##### #.....# #..## ##..# ##.#### #....# #.##.# ###.##.. Turn 9225 on D:7: - this looks like some kind of horrible vault

#.># ##......## #.......##
#..# #........# #........## .
##.# #........###.........## .
#.# #........#.........#..## #
#.###........#.........##..##
#..##...........#......###..##
#..##........#.###.....# ##..#
##.# #>....##(.###.....# ##..
#.# #....##.).##......# #..
#.# ##..##..((##.....## ##..
#.## #.###.@.)#.....# ##<..
#.)## .# #...))#...## #..|)
##...###..#.).##....## #)...
##......##....####..## ##....
##.........###..####.## #.....
##............##....#..#
#.....
#...............#...g#.#
##.....
#..........##.....#....#
##...... ...........#
#........###.......
...........# #......##..###...
#.........## #....#..## ##..


Turn 10263 on D:4: - so i must have got duvessa somehow but where is ijyb #..#
#........# #........## ##.# #........###.........## #.# #........#.........#..##
#.###........#.........##..## #..##...........#......###..#
#..##........#.###.....# ##.. ##.# #>....##..###.....# ##. #.#
#....##.).##......# #. #.# ##..##....##.....## ##. #.## ##.###.>.)#.....# ##<.
#.)## .# #@..))#...## #..| ##...###..#.).##....## #).. ##......##....####..##
##... ##.........###..####.## #.... ##............##....#..# #....
#...............#...g#.# ##.... ##..........##....g#....# ##..... #...........#
#........###...... #...........# #......##..###.. ##.........## #....#..## ##.
#........<# #.....## ## Turn 10310 on D:4: - ah #.# #.##......##..###. ##. #.#
#.##........###... #. #.# #.##......###..... ## #.# ##.##.....## .... #
#.########..######.###..## # #..........## ###.'...# #########.## ###..)## #.#
###......# #.# #..Z..#..## # #.# ##..###)..# ### ##.# #.@.###o.## ###.. #..#
##..#.....# ###.... #.#######..o.l.#####.'.... #.###...##.5§###.#...##...
#.##..####.#)#...##...#... #.#..## ###.§....'.###..# #.#.## ##..#..###....#
#...# #).....#...... #..## #####...###...... #..# #...#.###.......# #..#
#...###.......... Turn 11637 on D:7: - ok berserk is probably dumb... OR IS IT
##.##.....## .... #..# #######..######.###..## ##.. ........## ###.'...# ##.
######.## ###..)## #. #.# ###......# #. #.# #.....#..## ###. #.# ##..###)..#
###... ##.# #...###†.## ###..... #..# ##..#..5..# ###.......
#.#######..).o.#####.'....... #.###...##..@###.#...##......
#.##..####.#)#...##...#...... #.#..## ###......'.###..#..# #.#.##
##..#..###....#..# #...# #).....#........# #..## #####...###........# #..#
#...#.###.......#### #..# #...###............# #..# #..........###.....#
######.# #..........###<###.# ≈≈≈≈≈### ####.########..# ### Turn 11653 on D:7: -
ok i will come down on the dumb side #.........# ### #.........# ..# #.........#
..# ####...[...## ..# #...........# ..# ####.#..[<.....# ..# #....#.........#
..###.####..)....>.# ..#...# #.........# ### ....### ##.......####.# ...##
#......@...5..#### #### ###.......#####....# # #...####### ####.# # ##..## #.##
## ####..## #..## .###.#....# ##..##### ##...##...########### ##......
......#...<.........# #####.... ...#..##..#########.## #........ .###...#..##
#..####........ ##.##..##..# ##....#..##.##. Turn 12553 on D:7: - how do i not
have sandblast... this is a tragesty #.......##....###..≈≈## ≈≈
##.......##....#...≈≈≈# ≈ .........###......#≈≈## ##.......##......##≈≈# ≈
.#............###...≈≈## ≈≈# ≈≈# ......).......##....≈≈≈# ≈!#≈≈≈#
...............###....≈≈##≈##≈≈.# ......................#≈≈≈≈P≈≈..#
....................55#≈≈≈≈≈≈≈. ..#####............§w##.≈≈≈≈≈.
...####.........@...§§!....##.# ..............................#
.........##..........####.##### .#...................# ###
.#....................# .#.....................# .........##.....$.....##
........###.....##....# ...##...# #.. ........# .........# Turn 12793 on D:8: -
this seems a bit unfair ........#..######.##≈≈###≈≈# #.......##....###..≈≈## ≈≈
#.......##....#...≈≈≈# ≈ ........###......#≈≈## #.......##......##≈≈# ≈
............###...≈≈## ≈≈# ≈≈# ....).......##....≈≈≈# ≈!#≈≈≈#
............###....≈≈##≈##≈≈.# ...................#≈≈≈≈P≈≈..#
.................55#≈≈≈≈≈≈≈. ####............@w##.≈≈≈≈≈.
####...........§...!....##.# ...........................#
......##..........####.##### ..................# ### ...................#
....................# ......##.....$.....## .....###.....##....# ##...# #..
.....# Turn 12794 on D:8: - being invisible would be nice right noe .. . ... .
P...#. ....#.### ......#.## P.........### .............# #Y...(....@...#
.#........##..## ### ...........###.####.## #### ...............#..#..####...
......................##..≈≈ ................#.......≈≈≈
............#..######.##≈≈# ..##.......##.w..###..≈≈##
#..##.......##....#...≈≈≈# #...........###......#≈≈## ##.##.......##......##≈≈#
Turn 12971 on D:8: - lets not fail with acquirements in hand ###... ......
.♣.....### P........ ......... .S....... P.......## P....§...## ........≈.#
..P...#.5@# .P....#.### .......≈#.## .P......5..### ..........≈..#
#....(........# .#........##..## ### ...........###.####.## ####
...............#..#..####... ......................##..≈≈
................#.......≈≈≈ Turn 13008 on D:8: - i am having so much trouble
with skybeasts

Levels and vault maps discovered:
D:1:      tarquinn_simple_flora_water_f, layout_basic
D:2:      layout_basic, shapermc_ecumenical_altar_notcrosses,
          minmay_pentomino_p2
D:3:      layout_loops_ring, nicolae_overflow_hidden_temple
D:4:      layout_cave_pods, minmay_temple_entry_wispy, serial_shops,
          nicolae_stop_n_shop_1, ebering_ghost_sewer_d, uniq_duvessa,
          uniq_grinder, uniq_blork_the_orc, uniq_ijyb
D:5:      layout_loops_corners, uniq_pikel, uniq_menkaure
D:6:      layout_basic, gammafunk_ghost_split, serial_shops, nicolae_shop_trees
D:7:      minmay_slanted_spiral_squares, layout_rooms,
          nicolae_overflow_crystal_walls, gammafunk_ghost_smash,
          kennysheep_big_empty_room, hangedman_decor_push,
          kennysheep_pointless_box
D:8:      layout_cave_pools, minmay_lair_entry_grove, worms_lemuel
D:9:      layout_irregular_city, gammafunk_temple_overflow_arena, serial_shops,
          shop, uniq_erolcha
D:10:     layout_basic, minmay_orc_entry_temple_small, grunt_ministairs_5
Temple:   eino_temple_scatter_basement
Lair:1:   layout_loops_ring, basic_altar, grunt_megastairs_1, uniq_urug

Skill      XL: |  1  2  3  4  5  6  7  8  9 10 11 |
---------------+----------------------------------+-----
Conjurations   | 2 3 4 5 6 |  6.0
Stealth        | 3 4 5 6 8 9 |  9.0
Poison Magic   | 4 |  4.0
Air Magic      | 1 2 4 |  4.0
Summonings     | 2 4 |  4.0
Translocations | 2 4 |  4.0
Spellcasting   | 5 7 9 |  9.3
Short Blades   | 1 6 |  6.0
Invocations    | 2 8 9 |  9.0
Earth Magic    | 5 6 |  6.5
Dodging        | |  2.4

Action                   |  1- 3 |  4- 6 |  7- 9 | 10-12 || total
-------------------------+-------+-------+-------+-------++-------
Melee: Dagger            |       |    19 |   156 |    61 ||   236
       Staff             |       |       |     6 |       ||     6
Throw: Dart              |       |       |    17 |     9 ||    26
 Cast: Magic Dart        |   103 |    69 |   100 |    41 ||   313
       Call Imp          |       |    31 |    65 |     8 ||   104
       Mephitic Cloud    |       |     2 |    22 |    18 ||    42
       Blink             |       |       |    27 |    12 ||    39
       Stone Arrow       |       |       |     6 |    73 ||    79
Evoke: Wand              |       |       |    18 |     2 ||    20
  Use: Scroll            |     2 |     3 |     8 |     3 ||    16
       Potion            |       |       |     7 |       ||     7
 Stab: Sleeping          |       |     1 |    11 |     1 ||    13
       Confused          |       |     2 |     3 |     5 ||    10
       Distracted        |       |       |     1 |       ||     1
Armor: Robe              |     1 |     2 |    45 |    18 ||    66
Dodge: Dodged            |     8 |    18 |   110 |    37 ||   173
